 Dungeon Crawl Stone Soup version 0.29-a0-384-g6960b1960d (webtiles) character file.

Game seed: 12342859882800872311

459 happo123 the Ruffian (level 6, -7/61 HPs)
             Began as a Troll Berserker on May 6, 2022.
             Was a Priest of Trog.
             Mangled by an iguana (10 damage)
             ... on level 4 of the Dungeon.
             The game lasted 00:11:26 (2211 turns).

happo123 the Ruffian (Troll Berserker)              Turns: 2211, Time: 00:11:27

Health: -7/61      AC:  4    Str: 28    XL:     6   Next: 78%
Magic:  5/5        EV: 10    Int:  3    God:    Trog [***...]
Gold:   142        SH:  0    Dex:  9    Spells: 5/5 levels left

rFire   . . .      SeeInvis .   i - +1 hand axe (vorpal)
rCold   . . .      Faith    .   (no shield)
rNeg    . . .      Spirit   .   a - +0 animal skin
rPois   .          Reflect  .   (helmet restricted)
rElec   .          Harm     .   (no cloak)
rCorr   .          Rampage  .   (gloves unavailable)
Will    .....                   (boots unavailable)
Stlth   +.........              (no amulet)
HPRegen 1.00/turn               (no ring)
MPRegen 0.09/turn               (no ring)

@: on berserk cooldown, slowed, very slow
A: large, unfitting armour, claws 3, regeneration 1, shaggy fur 1, tough skin 1
a: Renounce Religion, Berserk, Trog's Hand


You were on level 4 of the Dungeon.
You worshipped Trog.
Trog was most pleased with you.
You visited 1 branch of the dungeon, and saw 4 of its levels.

You collected 142 gold pieces.

Inventory:

Hand Weapons
 d - a +0 shortbow
 i - a +1 vorpal hand axe (weapon)
Missiles
 q - a throwing net (quivered)
Armour
 a - a +0 animal skin (worn)
Jewellery
 f - a ring of fire
Scrolls
 b - 7 scrolls of identify
 g - a scroll of brand weapon {unknown}
 j - a scroll of torment {unknown}
 o - a scroll of vulnerability {unknown}
 p - a scroll of fog
 r - a scroll of teleportation {unknown}
 s - a scroll of amnesia {unknown}
Potions
 c - a potion of invisibility {unknown}
 e - a potion of haste {unknown}
 h - a potion of resistance {unknown}
 k - a potion of brilliance {unknown}
 l - a potion of berserk rage {unknown}
 m - a potion of flight {unknown}
 n - a potion of mutation {unknown}


   Skills:
 + Level 3.3 Fighting
 + Level 3.0 Axes
 + Level 3.9 Dodging
 + Level 0.5 Stealth
 + Level 4.4 Unarmed Combat


You had 5 spell levels left.
You didn't know any spells.
Your spell library was empty.

Dungeon Overview and Level Annotations

Branches:
Dungeon (4/15)
 Temple: D:4-7

Altars:
Makhleb


Innate Abilities, Weirdness & Mutations

You are too large for most types of armour.
You have claws for hands.
Your natural rate of healing is unusually fast.
You are covered in fur. (AC +1)
You have tough skin. (AC +1)


Message History

The kobold closely misses you. The kobold barely misses you.
You hit the kobold but do no damage. You closely miss the hobgoblin.
The kobold closely misses you. The hobgoblin hits you. x2
The kobold closely misses you.
You slash the kobold!
You kill the kobold!
Trog accepts your kill.
You barely miss the iguana. You hit the hobgoblin.
You kill the hobgoblin!
Trog accepts your kill. The adder bites you but does no damage.
The iguana bites you! The adder barely misses you.
You closely miss the adder. You hit the iguana. The iguana barely misses you.
The adder closely misses you. The iguana bites you!
The adder closely misses you.
You slash the adder!
The adder is almost dead.
You hit the iguana. The adder closely misses you. The iguana bites you.
The adder bites you. The iguana barely misses you.
You closely miss the adder.
The adder is almost dead.
You barely miss the iguana. The adder bites you. The iguana bites you!
The adder bites you.
* * * LOW HITPOINT WARNING * * *
You are poisoned.
The adder poisons you!
You slash the adder!
You kill the adder!
Trog accepts your kill.
You hit the iguana.
You feel sick. The iguana bites you!
* * * LOW HITPOINT WARNING * * *
The iguana bites you.
* * * LOW HITPOINT WARNING * * *
Your Axes skill increases to level 3!
You hit the iguana but do no damage.
The iguana is severely wounded.
You feel sick.
You are no longer poisoned.
The iguana bites you!
You die...

... #..<.....# ....
#.:..<...## ....
#..†.......
....#####+#........##
...................#
...........#'#####.#
...........#...#...#
...........#...#...#
...........#...#@l.#
...........#...')..#
...).......##+###'.#
..........)........#
...................#
######.............#
#.............#
#..............
#..>........(


You could see an iguana.

Vanquished Creatures
  A sky beast (D:4)
  A hound (D:4)
  An orc priest (D:3)
  Ijyb (D:3)
  Natasha (thrice) (D:2)
  8 gnolls (D:3)
  4 adders
  A worm (D:3)
  2 dart slugs
  7 orcs (D:3)
  6 endoplasms
  5 giant cockroaches
  2 goblins
  7 hobgoblins
  4 jackals
  10 kobolds
  3 quokkas
  6 ball pythons
  6 bats
  3 frilled lizards
  6 rats
87 creatures vanquished.

Notes
Turn   | Place    | Note
-------+----------+-------------------------------------------
     0 | D:1      | happo123 the Troll Berserker began the quest for the Orb.
     0 | D:1      | Reached XP level 1. HP: 22/22 MP: 0/0
    81 | D:1      | Found a faded altar of an unknown god.
   149 | D:1      | Reached XP level 2. HP: 27/29 MP: 1/1
   752 | D:2      | Reached XP level 3. HP: 36/36 MP: 2/2
   841 | D:2      | Reached ** piety under Trog
   903 | D:2      | Noticed Natasha
   910 | D:2      | Killed Natasha
  1085 | D:2      | Noticed Natasha
  1090 | D:2      | Killed Natasha
  1091 | D:2      | Reached XP level 4. HP: 38/44 MP: 3/3
  1103 | D:2      | Noticed Natasha
  1111 | D:2      | Killed Natasha
  1112 | D:2      | Reached skill level 4 in Unarmed Combat
  1204 | D:3      | Reached XP level 5. HP: 52/52 MP: 4/4
  1205 | D:3      | Reached skill level 1 in Axes
  1454 | D:3      | Noticed Ijyb
  1456 | D:3      | Paralysed by Ijyb for 4 turns
  1461 | D:3      | Paralysed by Ijyb for 5 turns
  1467 | D:3      | Paralysed by Ijyb for 2 turns
  1481 | D:3      | Killed Ijyb
  1557 | D:3      | Reached XP level 6. HP: 26/61 MP: 5/5
  1756 | D:3      | Found a burning altar of Makhleb.
  2138 | D:4      | Reached *** piety under Trog
  2174 | D:4      | Noticed a sky beast
  2191 | D:4      | Killed a sky beast
  2210 | D:4      | HP: 3/61 [iguana (5)]
  2211 | D:4      | Mangled by an iguana

Illustrated notes

Levels and vault maps discovered:
D:1:      lemuel_arrival_cross, layout_loops_cross,
          hellmonk_ecumenical_altar_inner_sanctum
D:2:      layout_rooms, uniq_natasha
D:3:      minmay_bubble_buster, layout_loops_ring, lemuel_crystal_altar,
          uniq_ijyb
D:4:      black_bear_nest_2, layout_gridville, nicolae_sif_muna_condensation,
          trog_book, minmay_manual_monolith, uniq_robin

Skill      XL: |  1  2  3  4  5  6 |
---------------+-------------------+-----
Dodging        | 3 |  3.9
Unarmed Combat | 4 |  4.4
Axes           | 2 3 |  3.0
Fighting       | 3 |  3.3
Stealth        | |  0.5

Action                   |  1- 3 |  4- 6 || total
-------------------------+-------+-------++-------
Melee: Unarmed           |    65 |     2 ||    67
       Punch             |     1 |     2 ||     3
       Hand axe          |    26 |   144 ||   170
Invok: Berserk           |     1 |     3 ||     4
       Trog's Hand       |       |     1 ||     1
  Use: Scroll            |       |     1 ||     1
 Stab: Sleeping          |     1 |     1 ||     2
Armor: Animal skin       |    58 |    45 ||   103
Dodge: Dodged            |    63 |    82 ||   145

Table legend: (Time is in decaauts)
 A = Elapsed time spent in this place.
 B = Non-inter-level travel time spent in this place.
 C = Inter-level travel time spent in this place.
 D = Time resting spent in this place.
 E = Time spent auto-exploring this place.
 F = Levels seen in this place.
 G = Mean time per level.
                   A        B        C        D        E       F      G
               +--------+--------+--------+--------+--------+-----+--------+
         Total |   2265 |   1896 |    369 |      0 |   1326 |   4 |  566.2 |
       Dungeon |   2265 |   1896 |    369 |      0 |   1326 |   4 |  566.2 |
               +--------+--------+--------+--------+--------+-----+--------+

Top non-repeatable levels by time:
     D:3: 966 daAuts
     D:1: 696 daAuts
     D:2: 518 daAuts
     D:4: 85 daAuts
